 Dungeon Crawl Stone Soup version 0.31.0-1-g2c135a008e (webtiles) character file.

Game seed: 16343002217805450657

2665 qw the Skirmisher (level 9, -14/59 HPs)
             Began as a Djinni Hunter on Jan 23, 2024.
             Demolished by a troll (15 damage)
             ... on level 7 of the Dungeon.
             The game lasted 00:00:33 (6270 turns).

qw the Skirmisher (Djinni Hunter)                   Turns: 6270, Time: 00:00:33

Health: -14/59     AC:  7    Str: 14    XL:     9   Next: 94%
Gold:   310        EV: 15    Int: 11    God:
                   SH:  0    Dex: 19

rFire   + + .        a - +4 shortbow
rCold   . . .        (shield currently unavailable)
rNeg    . . .        k - +2 robe {rC+}
rPois   inf          (no helmet)
rElec   .            (no cloak)
rCorr   .            g - +2 pair of gloves
SInv    .            (boots unavailable)
Will    .....        d - amulet of faith
Stlth   ++           (no ring)
HPRegen 0.29/turn    (no ring)
MPRegen 0.00/turn

%: faith, infuse magic (-15 HP)
@: about to teleport, flying
A: sickness immunity, fire resistance 2, cold vulnerability 1, float, innate
caster, HP casting, extra vitality 1, frail 1, sense surroundings 1, strong 1
a: no special abilities


You were on level 7 of the Dungeon.
You visited 2 branches of the dungeon, and saw 8 of its levels.
You also visited: Ossuary.

You collected 310 gold pieces.


Innate Abilities, Weirdness & Mutations

You are immune to sickness and miasma.
You are immune to poison.
Your flesh is very heat resistant. (rF++)
You are vulnerable to cold. (rC-)
You float through the air rather than walking.
You learn spells naturally, not from books.
Your magical power is your life essence.
You have superior vitality. (+4 MHP)
You are frail. (-10% HP)
You passively map a small area around you.
Your muscles are strong. (Str +4, Int/Dex -1)


   Skills:
 - Level 6.1 Fighting
 - Level 9.0 Ranged Weapons
 - Level 2.4 Armour
 + Level 5.7 Dodging
 - Level 0.7 Stealth


You knew the following spells:

 Your Spells              Type           Power      Damage    Failure   Level
a - Shock                 Conj/Air       0%         1d3       34%         1
b - Momentum Strike       Conj/Tloc      0%         3d8       47%         2
c - Tukima's Dance        Hex            0%         N/A       71%         3
d - Airstrike             Air            0%         2d(0-16)  98%         4
Your spell library was empty.

Inventory:

Hand Weapons
 a - a +4 shortbow (weapon)
Armour
 g - a +2 pair of gloves (worn)
 k - a +2 robe of cold resistance (worn)
Jewellery
 d - an amulet of faith (around neck)
 f - a ring of fire
Wands
 c - a wand of polymorph (8)
 n - a wand of light (4)
 o - a wand of digging (6)
Scrolls
 j - 3 scrolls of enchant armour
 l - 3 scrolls of teleportation
Potions
 e - 2 potions of curing
 h - 3 potions of might
 i - 3 potions of haste

Dungeon Overview and Level Annotations

Branches:
Dungeon (7/15)             Temple (1/1) D:6         Ossuary (visited)

Altars:
Ashenzari
Cheibriados
Dithmenos
Elyvilon
Fedhas
Hepliaklqana
Makhleb
Nemelex Xobeh
Qazlal
Ru
Trog
Uskayaw
Wu Jian
Xom
Yredelemnul
Zin

Shops:
D:4 (


Message History

You shoot an arrow.
The arrow closely misses the orc priest.
The orc shouts!
You shoot an arrow. The arrow hits the orc priest.
The orc priest is lightly wounded.
You shoot an arrow. The arrow hits the orc priest!
The orc priest is heavily wounded.
An orc wizard comes into view. It is wielding a +0 dagger.
You shoot an arrow. The arrow barely misses the orc priest.
The orc priest miscasts a cantrip.
An orc comes into view. It is wielding a +0 club.
You shoot an arrow. The arrow barely misses the orc priest.
The orc shouts!
The orc priest completely misses you.
The orc wizard mumbles some strange words.
The orc wizard flickers and vanishes!
Deactivating autopickup; reactivate with Ctrl-A.
You shoot an arrow. The arrow hits the orc priest!
You kill the orc priest!
The troll bites you but does no damage. The troll claws you. x2
You shoot an arrow. The arrow completely misses the troll.
The troll bites you but does no damage. The troll claws you.
The troll claws you but does no damage. The orc closely misses you.
You shoot an arrow. The arrow closely misses the troll.
The orc barely misses you. The troll bites you! The troll closely misses you.
The troll claws you!
You shoot an arrow. The arrow hits the troll.
The troll is lightly wounded.
The orc closely misses you. The troll bites you.
The troll closely misses you. x2
You shoot an arrow. The arrow barely misses the troll.
The troll bites you. The troll claws you. The troll claws you!
The orc hits you with a +0 club.
6269 ||| READING 4 scrolls of teleportation.
As you read the scroll of teleportation, it crumbles to dust.
You feel strangely unstable. The orc misses you. The troll closely misses you.
The troll misses you. The troll claws you.
You shoot an arrow. The arrow barely misses the troll.
The orc barely misses you. The troll bites you!
You die...

###+###, , * ,
.......+.....#
.......#.....+
.......#....# ,
.......#....#* *
, .......#....#
,,*
.......#<...##..
#......#........,
+.....T@..%.##..
, #.....o#....# *
* ,
#.....o#........
**
#......#....##..
, #......#....# .
, #......#......
, +......#....##.
#......#....# ,


You could see a troll and 2 orcs.

Vanquished Creatures
  Menkaure (D:4)
  Eustachio (D:6)
  Edmund (D:6)
  Duvessa (D:5)
  3 ice beasts
  2 ogres (D:4)
  An orc warrior (D:6)
  A centaur (D:6)
  3 phantoms
  A bullfrog (D:7)
  2 scorpions (D:5)
  5 wights (Ossuary)
  Dowan (D:5)
  2 bombardier beetles
  A howler monkey (D:4)
  2 orc priests
  2 centaur skeletons (Ossuary)
  4 hounds (D:6)
  6 iguanas
  An orc wizard (D:6)
  A crocodile zombie (Ossuary)
  8 mummies (Ossuary)
  3 gnolls (D:3)
  7 adders
  A shadow imp (D:6)
  A white imp (D:5)
  4 ribbon worms
  2 dart slugs (D:4)
  14 orcs
  2 ball pythons
  4 bats
  3 endoplasms
  A giant cockroach (D:2)
  13 goblins
  4 hobgoblins
  9 jackals
  7 kobolds
  3 quokkas
  4 frilled lizards
  2 gnoll skeletons (Ossuary)
  2 kobold skeletons (Ossuary)
  2 orc skeletons (Ossuary)
  4 rats
  10 spectral rats (Ossuary)
152 creatures vanquished.

Notes
Turn   | Place    | Note
-------+----------+-------------------------------------------
     0 | D:1      | qw the Djinni Hunter began the quest for the Orb.
     0 | D:1      | Reached XP level 1. HP: 18/18 MP: 0/0
     0 | D:1      | 0 ||| qw: Version: 0.3-a-135-gb77e89d
     0 | D:1      | 0 ||| qw: Game counter: 873
     0 | D:1      | 0 ||| qw: Melee chars always use a shield: true
     0 | D:1      | 0 ||| qw: God list: Okawaru
     0 | D:1      | 0 ||| qw: Allow faded altars: false
     0 | D:1      | 0 ||| qw: Do Orc after clearing Dungeon:15 true
     0 | D:1      | 0 ||| qw: Do second Lair branch before Depths: true
     0 | D:1      | 0 ||| qw: Lair rune preference: random
     0 | D:1      | 0 ||| qw: Goals: Normal
     0 | D:1      | 0 ||| PLANNING D:1-11
    47 | D:1      | Reached XP level 2. HP: 23/23 MP: 0/0
   449 | D:1      | Reached XP level 3. HP: 28/28 MP: 0/0
   449 | D:1      | Learned a level 1 spell: Shock
   517 | D:1      | Reached skill level 4 in Ranged Weapons
   737 | D:1      | 737 ||| READING scroll labelled ICLYVI ZECZIE.
   838 | D:1      | 838 ||| READING scroll labelled XUFRAI RUNUAKH.
   839 | D:1      | 839 ||| READING scroll labelled SEXZEA GECEMAI.
   842 | D:1      | 842 ||| READING scroll labelled TOUWYAREAT.
   842 | D:1      | 842 ||| ENCHANTING +0 shortbow.
   843 | D:1      | 843 ||| DRINKING 2 glowing silvery potions.
   844 | D:1      | 844 ||| DROPPING scroll of butterflies.
  1516 | D:2      | Reached skill level 3 in Fighting
  1516 | D:2      | Reached XP level 4. HP: 35/35 MP: 0/0
  1609 | D:2      | 1609 ||| UPGRADING to +0 ring mail.
  1619 | D:2      | 1619 ||| DROPPING +0 leather armour.
  1620 | D:2      | 1620 ||| READING scroll labelled EZUTUGUTRY.
  1620 | D:2      | 1620 ||| IDENTIFYING coppery potion
  1621 | D:2      | 1621 ||| READING scroll labelled GEECE YTAUCEO.
  1666 | D:3      | Reached skill level 1 in Armour
  1838 | D:3      | Found a blossoming altar of Fedhas.
  1849 | D:3      | Reached XP level 5. HP: 40/40 MP: 0/0
  1849 | D:3      | Learned a level 2 spell: Momentum Strike
  2007 | D:3      | Noticed a phantom
  2008 | D:3      | 2008 ||| RETREEEEATING.
  2009 | D:3      | 2009 ||| RETREEEEATING.
  2011 | D:3      | 2011 ||| RETREEEEATING.
  2012 | D:3      | 2012 ||| RETREEEEATING.
  2014 | D:3      | 2014 ||| RETREEEEATING.
  2019 | D:3      | HP: 8/40 [gnoll/+0 halberd (10)]
  2020 | D:3      | 2020 ||| DRINKING 2 potions of heal wounds.
  2022 | D:3      | 2022 ||| DRINKING potion of heal wounds.
  2023 | D:3      | 2023 ||| ZAPPING wand of iceblast (1) at 2,0 (floor).
  2032 | D:3      | Killed a phantom
  2033 | D:3      | Reached skill level 5 in Ranged Weapons
  2033 | D:3      | Reached XP level 6. HP: 26/46 MP: 0/0
  2275 | D:3      | Found a shimmering altar of Xom.
  2415 | D:3      | 2415 ||| READING 2 scrolls of identify.
  2415 | D:3      | 2415 ||| IDENTIFYING puce potion
  2416 | D:3      | 2416 ||| READING scroll of identify.
  2416 | D:3      | 2416 ||| IDENTIFYING scroll labelled COH URHAOJI
  2417 | D:3      | 2417 ||| READING 3 scrolls labelled GANICU JESU.
  2417 | D:3      | 2417 ||| ENCHANTING +0 shortbow.
  2418 | D:3      | 2418 ||| READING 2 scrolls of enchant weapon.
  2418 | D:3      | 2418 ||| ENCHANTING +1 shortbow.
  2419 | D:3      | 2419 ||| READING scroll of enchant weapon.
  2419 | D:3      | 2419 ||| ENCHANTING +2 shortbow.
  2420 | D:3      | 2420 ||| DROPPING scroll of amnesia.
  2449 | D:4      | 2449 ||| STAIRDANCE
  2481 | D:4      | Noticed an ogre
  2486 | D:4      | Killed an ogre
  2524 | D:4      | 2524 ||| READING scroll of enchant weapon.
  2524 | D:4      | 2524 ||| ENCHANTING +3 shortbow.
  2624 | D:4      | Noticed Menkaure
  2633 | D:4      | Killed Menkaure
  2633 | D:4      | Noticed an ogre
  2634 | D:4      | Reached XP level 7. HP: 16/53 MP: 0/0
  2634 | D:4      | Learned a level 3 spell: Tukima's Dance
  2634 | D:4      | 2634 ||| FLEEEEING.
  2635 | D:4      | 2635 ||| FLEEEEING.
  2636 | D:4      | 2636 ||| FLEEEEING.
  2637 | D:4      | 2637 ||| FLEEEEING.
  2638 | D:4      | 2638 ||| FLEEEEING.
  2639 | D:4      | 2639 ||| FLEEEEING.
  2640 | D:4      | 2640 ||| FLEEEEING.
  2641 | D:4      | 2641 ||| FLEEEEING.
  2642 | D:4      | 2642 ||| FLEEEEING.
  2643 | D:4      | 2643 ||| STAIRDANCE
  2764 | D:3      | 2764 ||| UPGRADING to amulet of faith.
  2830 | D:4      | 2830 ||| STAIRDANCE
  2962 | D:4      | Found Numpobb's Antique Weapon Shoppe.
  3228 | D:4      | 3228 ||| UPGRADING to +1 pair of gloves.
  3233 | D:4      | 3233 ||| READING 2 scrolls of enchant armour.
  3233 | D:4      | 3233 ||| ENCHANTING +1 pair of gloves.
  3234 | D:4      | 3234 ||| READING scroll of identify.
  3234 | D:4      | 3234 ||| IDENTIFYING smoky red potion
  3235 | D:4      | 3235 ||| DROPPING potion of magic.
  3253 | D:5      | Entered Level 5 of the Dungeon
  3254 | D:5      | 3254 ||| PLANNING OSSUARY
  3370 | D:5      | Reached skill level 6 in Ranged Weapons
  3405 | D:5      | Reached XP level 8. HP: 58/58 MP: 0/0
  3535 | D:5      | Noticed Dowan
  3536 | D:5      | Noticed Duvessa
  3537 | D:5      | 3537 ||| FLEEEEING.
  3538 | D:5      | 3538 ||| FLEEEEING.
  3543 | D:5      | 3543 ||| FLEEEEING.
  3555 | D:5      | HP: 12/58 [Duvessa/+0 short sword (9)]
  3556 | D:5      | 3556 ||| READING 3 scrolls of teleportation.
  3557 | D:5      | 3557 ||| DRINKING 2 potions of heal wounds.
  3558 | D:5      | Killed Duvessa
  3719 | D:5      | Found a sand-covered staircase.
  3720 | D:5      | 3720 ||| READING scroll labelled MOWKYN DAMOPOS.
  3721 | D:5      | 3721 ||| READING scroll labelled POBUF LAES.
  3731 | Ossuary  | Entered an ossuary
  3960 | Ossuary  | Reached skill level 7 in Ranged Weapons
  4319 | Ossuary  | 4319 ||| READING 3 scrolls of identify.
  4319 | Ossuary  | 4319 ||| IDENTIFYING inky potion
  4320 | Ossuary  | 4320 ||| READING 2 scrolls of identify.
  4320 | Ossuary  | 4320 ||| IDENTIFYING yellow potion
  4321 | Ossuary  | 4321 ||| DRINKING potion of mutation.
  4321 | Ossuary  | Gained mutation: You are frail. (-10% HP) [potion of
                  | mutation]
  4321 | Ossuary  | Gained mutation: You passively map a small area around you.
                  | [potion of mutation]
  4321 | Ossuary  | Gained mutation: Your muscles are strong. (Str +4, Int/Dex
                  | -1) [potion of mutation]
  4322 | Ossuary  | 4322 ||| READING scroll of identify.
  4322 | Ossuary  | 4322 ||| IDENTIFYING smoky blue potion
  4323 | Ossuary  | 4323 ||| READING scroll labelled ZOESAE RUGOQO.
  4324 | Ossuary  | 4324 ||| DRINKING 2 glowing sapphire potions.
  4325 | Ossuary  | 4325 ||| DRINKING 2 glowing brown potions.
  4326 | Ossuary  | 4326 ||| DRINKING potion of curing.
  4326 | Ossuary  | 4326 ||| (to cure confusion)
  4327 | Ossuary  | 4327 ||| DROPPING potion of attraction.
  4328 | Ossuary  | 4328 ||| DROPPING potion of ambrosia.
  4329 | Ossuary  | 4329 ||| DROPPING potion of lignification.
  4366 | D:5      | 4366 ||| PLANNING D:1-11
  4415 | D:5      | Reached XP level 9. HP: 58/58 MP: 0/0
  4415 | D:5      | Learned a level 4 spell: Airstrike
  4530 | D:5      | Reached skill level 8 in Ranged Weapons
  4587 | D:5      | Killed Dowan
  4799 | D:5      | 4799 ||| READING scroll of identify.
  4799 | D:5      | 4799 ||| IDENTIFYING cyan potion
  4800 | D:5      | 4800 ||| READING scroll labelled KAFI JAITUMI.
  4801 | D:5      | 4801 ||| DROPPING potion of degeneration.
  4857 | D:6      | Noticed Edmund
  4867 | D:6      | HP: 10/58 [Edmund/+5 flail of holy wrath (6)]
  4868 | D:6      | 4868 ||| READING 5 scrolls of teleportation.
  4869 | D:6      | 4869 ||| DRINKING potion of heal wounds.
  4934 | D:6      | 4934 ||| FLEEEEING.
  4935 | D:6      | 4935 ||| FLEEEEING.
  4936 | D:6      | 4936 ||| FLEEEEING.
  4937 | D:6      | 4937 ||| FLEEEEING.
  4938 | D:6      | 4938 ||| FLEEEEING.
  4940 | D:6      | 4940 ||| FLEEEEING.
  4941 | D:6      | 4941 ||| STAIRDANCE
  4972 | D:6      | Killed Edmund
  5006 | D:6      | Found a sparkling altar of Nemelex Xobeh.
  5018 | D:6      | 5018 ||| FLEEEEING.
  5019 | D:6      | 5019 ||| FLEEEEING.
  5020 | D:6      | 5020 ||| FLEEEEING.
  5021 | D:6      | 5021 ||| FLEEEEING.
  5022 | D:6      | 5022 ||| FLEEEEING.
  5023 | D:6      | 5023 ||| FLEEEEING.
  5024 | D:6      | 5024 ||| FLEEEEING.
  5025 | D:6      | 5025 ||| FLEEEEING.
  5026 | D:6      | 5026 ||| FLEEEEING.
  5030 | D:6      | 5030 ||| FLEEEEING.
  5031 | D:6      | 5031 ||| FLEEEEING.
  5032 | D:6      | 5032 ||| FLEEEEING.
  5033 | D:6      | 5033 ||| FLEEEEING.
  5064 | D:6      | Reached skill level 6 in Fighting
  5068 | D:6      | 5068 ||| FLEEEEING.
  5069 | D:6      | 5069 ||| FLEEEEING.
  5070 | D:6      | 5070 ||| FLEEEEING.
  5071 | D:6      | 5071 ||| FLEEEEING.
  5072 | D:6      | 5072 ||| FLEEEEING.
  5073 | D:6      | 5073 ||| FLEEEEING.
  5074 | D:6      | 5074 ||| FLEEEEING.
  5075 | D:6      | 5075 ||| FLEEEEING.
  5076 | D:6      | 5076 ||| STAIRDANCE
  5208 | D:6      | Noticed Eustachio
  5217 | D:6      | Killed Eustachio
  5790 | D:6      | Reached skill level 9 in Ranged Weapons
  5793 | D:6      | HP: 12/59 [orc priest/+0 hand axe (5)]
  5794 | D:6      | 5794 ||| READING 5 scrolls of teleportation.
  6078 | D:6      | Found a staircase to the Ecumenical Temple.
  6079 | D:6      | 6079 ||| PLANNING TEMPLE
  6085 | Temple   | Entered the Ecumenical Temple
  6086 | Temple   | 6086 ||| PLANNING D:1-11
  6233 | D:6      | 6233 ||| UPGRADING to +2 robe of cold resistance.
  6243 | D:6      | 6243 ||| DROPPING +0 ring mail.
  6258 | D:7      | Noticed a troll
  6268 | D:7      | HP: 5/59 [troll (12)]
  6269 | D:7      | 6269 ||| READING 4 scrolls of teleportation.
  6269 | D:7      | HP: 1/59 [troll (3)]
  6270 | D:7      | Demolished by a troll

Levels and vault maps discovered:
D:1:      lemuel_arrival_cross, layout_basic
D:2:      layout_basic, basic_altar
D:3:      layout_basic, fedhas_altar_3, general_overflow_altar,
          serial_bayou_pond_a
D:4:      layout_basic, serial_shops, nicolae_shop_hallway_stairs,
          grunt_ministairs_1, chequers_serial_rivers_large_b, uniq_menkaure
D:5:      layout_basic, nicolae_ossuary_entry_ruins, minivault_14, uniq_duvessa
D:6:      minmay_evil_eye, layout_loops_ring, mainiacjoe_overflow_cross_hatched,
          temple_green, uniq_edmund, uniq_eustachio
D:7:      layout_gridville, chequers_serial_rivers_micro_d,
          chequers_serial_rivers_micro_b, patterned_corridor
Temple:   kb_temple_of_zot

Skill      XL: |  1  2  3  4  5  6  7  8  9 |
---------------+----------------------------+-----
Ranged Weapons | 4 5 6 7 9 |  9.0
Fighting       | 3 4 5 6 |  6.1
Armour         | 1 2 |  2.4
Dodging        | 4 5 |  5.7
Stealth        | |  0.7

Action                     |  1- 3 |  4- 6 |  7- 9 || total
---------------------------+-------+-------+-------++-------
   Fire: Shortbow          |    97 |   129 |   387 ||   613
  Evoke: Wand              |       |     1 |       ||     1
    Use: Scroll            |     4 |     8 |    14 ||    26
         Potion            |     1 |     2 |     6 ||     9
 Armour: Leather armour    |    10 |       |       ||    10
         Ring mail         |       |    44 |   138 ||   182
         Robe              |       |       |    15 ||    15
  Dodge: Dodged            |    18 |    45 |   141 ||   204

Table legend:
 A = Non-vault XP
 B = Vault XP
 C = Vault XP percentage of total XP
 D = Non-vault monster count
 E = Vault monster count
 F = Vault count percentage of total count
                 A         B        C        D         E       F
            +---------+---------+-------+---------+---------+-------
      Total |    2138 |    1670 |  43.9 |     109 |      43 |  28.3
            +---------+---------+-------+---------+---------+-------
        D:1 |      31 |       0 |   0.0 |      18 |       0 |   0.0
        D:2 |      47 |       0 |   0.0 |      19 |       0 |   0.0
        D:3 |     220 |       1 |   0.5 |      23 |       1 |   4.2
        D:4 |     373 |     185 |  33.2 |      13 |       2 |  13.3
        D:5 |     634 |     212 |  25.1 |      15 |       2 |  11.8
        D:6 |     699 |     646 |  48.0 |      19 |       6 |  24.0
        D:7 |     134 |       0 |   0.0 |       2 |       0 |   0.0
    Ossuary |       0 |     626 | 100.0 |       0 |      32 | 100.0
            +---------+---------+-------+---------+---------+-------
